 Dungeon Crawl Stone Soup version 0.27.1-1-g398f81649c (webtiles) character file.

Game seed: 2055970774331793299

243 101zpm the Shield-Bearer (level 6, -16/38 HPs)
             Began as a Gargoyle Fighter on Sept 19, 2021.
             Demolished by an ogre (17 damage)
             ... on level 4 of the Dungeon.
             The game lasted 00:03:33 (3663 turns).

101zpm the Shield-Bearer (Gargoyle Fighter)         Turns: 3663, Time: 00:03:36

Health: -16/38     AC: 11    Str: 22    XL:     6   Next: 9%
Magic:  6/6        EV:  8    Int:  8    God:
Gold:   135        SH:  9    Dex:  9    Spells: 5/5 levels left

rFire    . . .     SeeInvis .   o - +2 war axe (vorpal)
rCold    . . .     Faith    .   c - +0 kite shield
rNeg     + . .     Spirit   .   b - +0 scale mail
rPois    ∞         Reflect  .   (no helmet)
rElec    +         Harm     .   (no cloak)
rCorr    .         Rampage  .   (no gloves)
Will     .....                  (no boots)
Stlth    ..........             (no amulet)
HPRegen  0.12/turn              (no ring)
MPRegen  0.10/turn              (no ring)

@: no status effects
A: sickness immunity, AC +4, negative energy resistance 1, electricity
resistance, torment resistance 1, petrification resistance
a: no special abilities


You were on level 4 of the Dungeon.
You visited 1 branch of the dungeon, and saw 4 of its levels.

You collected 135 gold pieces.

Inventory:

Hand Weapons
 a - a +0 flail
 o - a +2 vorpal war axe (weapon)
 p - a +5 dagger of holy wrath
Missiles
 j - 111 stones (quivered)
Armour
 b - a +0 scale mail (worn)
 c - a +0 kite shield (worn)
Scrolls
 e - 2 scrolls of enchant weapon {unknown}
 g - 8 scrolls of identify {unknown}
 h - 2 scrolls of noise {unknown}
 l - a scroll of magic mapping {unknown}
 n - a scroll of enchant armour {unknown}
 q - a scroll of summoning {unknown}
Potions
 d - a potion of might
 f - 2 potions of lignification {unknown}
 i - a potion of haste {unknown}
 k - 3 potions of magic {unknown}
 m - a potion of berserk rage {unknown}


   Skills:
 + Level 4.0 Fighting
 + Level 1.7(2.5) Axes
 + Level 3.0(3.3) Maces & Flails
 + Level 4.1 Armour
 + Level 1.4 Dodging
 + Level 0.1 Stealth
 + Level 4.6 Shields


You had 5 spell levels left.
You didn't know any spells.
Your spell library contained the following spells:

 Spells                   Type           Power      Damage    Failure   Level
 Sting                    Tmut/Pois      0%         1d3       99%         1
 Summon Small Mammal      Summ           0%         N/A       99%         1
 Call Canine Familiar     Summ           0%         N/A       100%        3
 Summon Guardian Golem    Hex/Summ       0%         N/A       100%        3


Dungeon Overview and Level Annotations

Branches:
Dungeon (4/15)
 Temple: D:4-7

Altars:
Beogh

Shops:
D:1 *


Innate Abilities, Weirdness & Mutations

You are immune to sickness and miasma.
Your stone body is resilient. (AC +4)
You are immune to poison.
You resist negative energy. (rN+)
You are resistant to electric shocks. (rElec)
You are resistant to unholy torment.
You are immune to petrification.


Message History

You block the dart slug's attack.
You hit the dart slug.
The dart slug is moderately wounded.
The dart slug launches a dart at you. You block the slug dart.
You slash the dart slug!
You kill the dart slug!
No target in view!
No target in view!
No target in view!
g - 8 scrolls labelled PIUFFU HIGULAP (gained 1)
Things that are here:
a +2 robe of positive energy; a +0 dagger
Things that are here:
a +0 leather armour; a +0 hand axe; an orc skeleton You enter the shallow water.
Moving in this stuff is going to be slow.
Things that are here:
a +0 trident; a +0 leather armour
Things that are here:
a +0 dagger; a kobold skeleton
Found a short sword.
q - a scroll labelled SUTRAG RECISA You see here a +0 short sword.
Found a grey potion.
Found 29 stones.
An ogre comes into view. It is wielding a +0 giant club.
Found a stone staircase leading up.
The ogre shouts!
An ogre comes into view. It is wielding a +0 giant club.
There are monsters nearby!
There are monsters nearby!
You closely miss the ogre. You hit the ogre.
The ogre hits you but does no damage.
The ogre hits you with a +0 giant club!!
Ouch! That really hurt!
The ogre hits you with a +0 giant club!
* * * LOW HITPOINT WARNING * * *
The ogre hits you with a +0 giant club!
You die...

.# #.####. .# ....... .#
....... .# ....... .#
......(##.# ........#O#.#
#.##....@O..# ..#..!....#####
#.#.##........# ..
#.#.......###.# .
#.#.#.....###.# #.
#.#.#.........# ###.#
#.........##..####.#
.....##..).<#.#..#.......#
.♣..≈≈≈≈....#.#.<#.###########


You could see 2 ogres.

Vanquished Creatures
  A hound (D:3)
  An orc priest (D:2)
  Jessica (D:2)
  2 orc wizards
  5 adders
  2 dart slugs
  5 orcs
  5 endoplasms
  5 goblins
  5 hobgoblins
  3 jackals (D:2)
  7 kobolds
  3 quokkas (D:1)
  3 ball pythons
  2 bats
  4 frilled lizards
  3 rats (D:2)
57 creatures vanquished.

Notes
Turn   | Place    | Note
-------+----------+-------------------------------------------
     0 | D:1      | 101zpm the Gargoyle Fighter began the quest for the Orb.
     0 | D:1      | Reached XP level 1. HP: 14/14 MP: 1/1
    44 | D:1      | Reached XP level 2. HP: 15/19 MP: 2/2
   197 | D:1      | Found a faded altar of an unknown god.
   444 | D:1      | Got Plato's Reference Book on Poison
   682 | D:1      | Found Qasethegh's General Store.
   925 | D:1      | Reached XP level 3. HP: 13/23 MP: 3/3
  1316 | D:2      | Noticed Jessica
  1323 | D:2      | Killed Jessica
  1391 | D:2      | Reached XP level 4. HP: 24/29 MP: 4/4
  2322 | D:3      | Reached skill level 1 in Dodging
  2385 | D:3      | Reached XP level 5. HP: 33/33 MP: 5/5
  2831 | D:3      | HP: 1/33 [orc wizard/puff of flame (1)]
  2838 | D:2      | HP: 1/33 [orc wizard/puff of flame (1)]
  3137 | D:2      | Reached skill level 1 in Axes
  3387 | D:3      | Reached XP level 6. HP: 16/38 MP: 6/6
  3663 | D:4      | HP: 1/38 [ogre (15)]
  3663 | D:4      | Demolished by an ogre

Illustrated notes

Levels and vault maps discovered:
D:1:      lightli_arrival_chessboard, layout_basic,
          shapermc_ecumenical_altar_rom_forum, serial_shops, shop_fountains,
          hangedman_decor_clover_reticule
D:2:      layout_loops_cross, minmay_diced_spiral, uniq_jessica
D:3:      layout_basic, kennysheep_orc_chapel
D:4:      layout_basic, overflow_temple_1_default, serial_rivers,
          chequers_serial_rivers_marsh, chequers_serial_rivers_room_b,
          chequers_serial_rivers_large_b, chequers_serial_rivers_micro_e

Skill      XL: |  1  2  3  4  5 |
---------------+----------------+-----
Shields        | 4 |  4.6
Dodging        | 1 |  1.4
Armour         | 4 |  4.1
Axes           | 1 |  1.7
Maces & Flails | 3 |  3.0
Fighting       | 4 |  4.0
Stealth        | |  0.1

Action                   |  1- 3 |  4- 6 || total
-------------------------+-------+-------++-------
Melee: Flail             |   126 |    60 ||   186
       War axe           |       |    54 ||    54
Armor: Scale mail        |    75 |    97 ||   172
Dodge: Dodged            |    49 |    60 ||   109
Block: Kite shield       |    86 |    81 ||   167
